 Dungeon Sprint DCSS version 0.21.1-1-g345015f (webtiles) character file.

79 Fang the Skirmisher (level 4, -9/48 HPs)
             Began as a Gargoyle Berserker on July 18, 2018.
             Was a High Priest of Trog.
             Mangled by a gnoll sergeant
             ... wielding a +0 trident
              (11 damage)
             ... in the Dungeon (Sprint VII: "The Pits").
             The game lasted 00:00:32 (205 turns).

Fang the Skirmisher (Gargoyle Berserker)             Turns: 205, Time: 00:00:33

Health: -9/48      AC:  5    Str: 27    XL:     4   Next: 38%
Magic:  4/4        EV: 13    Int:  7    God:    Trog [*****.]
Gold:   0          SH:  0    Dex:  9    Spells: 3/3 levels left

rFire    . . .     SeeInvis .   j - +2 hand axe (drain)
rCold    . . .     Gourm    .   (no shield)
rNeg     + . .     Faith    .   b - +0 animal skin
rPois    ∞         Spirit   .   (no helmet)
rElec    +         Reflect  .   (no cloak)
rCorr    .         Harm     .   (no gloves)
MR       .....     NoTele   +   (no boots)
Stlth    ..........             (no amulet)
HPRegen  0.16/turn              (no ring)
MPRegen  0.09/turn              (no ring)

@: berserking, very quick
A: negative energy resistance 1, electricity resistance, unbreathing,
petrification resistance, rot immunity, AC +3
a: Berserk, Trog's Hand, Brothers in Arms, Burn Spellbooks, Renounce Religion


You were in the Dungeon.
You worshipped Trog.
Trog was extremely pleased with you.
You were not hungry.

You visited 1 branch

Inventory:

Hand Weapons
 j - a +2 hand axe of draining (weapon)
Armour
 b - a +0 animal skin (worn)
Scrolls
 i - a scroll of blinking
 k - 3 scrolls of remove curse
 l - a scroll of summoning
Potions
 a - 2 potions of invisibility
 d - a potion of curing
 e - a potion of heal wounds
 f - a potion of haste
 g - 4 potions of magic
 h - 3 potions of berserk rage
Comestibles
 c - 9 rations


   Skills:
 + Level 6.3 Fighting
 + Level 5.5 Axes
 + Level 3.1 Armour
 + Level 3.1 Dodging


You had 3 spell levels left.
You didn't know any spells.

Dungeon Overview and Level Annotations

Branches:
Dungeon (1/1)

Altars:
Cheibriados
Dithmenos
Elyvilon
Fedhas
Gozag
Hepliaklqana
Makhleb
Nemelex Xobeh
Okawaru
Qazlal
Ru
Sif Muna
Trog
Vehumet
Wu Jian
Xom
Yredelemnul
Zin
The Shining One
Beogh
Jiyva
Lugonu


Innate Abilities, Weirdness & Mutations

You are resistant to torment.
Your stone body is resilient. (AC +3)
You are immune to poison.
You resist negative energy. (rN+)
You are resistant to electric shocks. (rElec)
You can survive without breathing.
You are immune to petrification.
You are immune to rotting.


Message History

The gnoll hits you with a spear.
* * * LOW HITPOINT WARNING * * *
The gnoll sergeant hits you from afar with a trident.
* * * LOW HITPOINT WARNING * * *
You slash the gnoll!
The gnoll is severely wounded.
You barely miss the gnoll. The gnoll hits you with a spear.
* * * LOW HITPOINT WARNING * * *
The gnoll hits you but does no damage.
Unknown command.
You hit the gnoll.
You kill the gnoll!
Trog accepts your kill.
You hit the gnoll. You drain the gnoll!
The gnoll sergeant hits you but does no damage.
Unknown command.
Unknown command.
The gnoll barely misses you.
The gnoll sergeant hits you with a trident!
You die...

##########.##†..........
#.....†.....'...........
#+#####†#####......#..#.
#.....##...........
#####)#####'#####++
#...†.##.......#
#.....##.......#
###'####.......#
#.@††.##...<...#
#...gg)..##.......#
#........##.......#
###########.......#
#########


You could see a gnoll sergeant and a gnoll.

Vanquished Creatures
  A worker ant (D)
  4 gnolls (D)
  8 jackals (D)
  A kobold (D)
  A quokka (D)
  2 bats (D)
17 creatures vanquished.

Notes
Turn   | Place    | Note
-------+----------+-------------------------------------------
     0 | D        | Fang the Gargoyle Berserker began the quest for the Orb.
     0 | D        | Reached XP level 1. HP: 14/14 MP: 1/1
    24 | D        | Reached ** piety under Trog
    25 | D        | Reached skill level 4 in Fighting
   112 | D        | Found a bloodstained altar of Trog.
   112 | D        | Found a deep blue altar of Sif Muna.
   112 | D        | Found a viscous altar of Jiyva.
   112 | D        | Found a hazy altar of Hepliaklqana.
   112 | D        | Found an opulent altar of Gozag.
   113 | D        | Found a glowing golden altar of the Shining One.
   113 | D        | Found a glowing silver altar of Zin.
   113 | D        | Found a basalt altar of Yredelemnul.
   113 | D        | Found a shimmering altar of Xom.
   113 | D        | Found an ornate altar of the Wu Jian Council.
   113 | D        | Found a sacrificial altar of Ru.
   113 | D        | Found a stormy altar of Qazlal.
   113 | D        | Found an iron altar of Okawaru.
   113 | D        | Found a sparkling altar of Nemelex Xobeh.
   113 | D        | Found a burning altar of Makhleb.
   113 | D        | Found a blossoming altar of Fedhas.
   113 | D        | Found a white marble altar of Elyvilon.
   113 | D        | Found a shadowy altar of Dithmenos.
   113 | D        | Found a snail-covered altar of Cheibriados.
   115 | D        | Found a radiant altar of Vehumet.
   115 | D        | Found a corrupted altar of Lugonu.
   115 | D        | Found a roughly hewn altar of Beogh.
   153 | D        | Reached XP level 2. HP: 20/20 MP: 2/2
   158 | D        | Reached *** piety under Trog
   189 | D        | Reached **** piety under Trog
   196 | D        | Noticed a gnoll sergeant
   199 | D        | Reached XP level 3. HP: 18/25 MP: 3/3
   199 | D        | Reached skill level 5 in Fighting
   202 | D        | Reached ***** piety under Trog
   202 | D        | Reached skill level 6 in Fighting
   202 | D        | Reached skill level 5 in Axes
   202 | D        | Reached XP level 4. HP: 17/32 MP: 4/4
   203 | D        | HP: 2/48 [gnoll/spear (1)]
   205 | D        | Mangled by a gnoll sergeant

Skill      XL: |  1  2  3 |
---------------+----------+-----
Axes           | 3 4 5 |  5.5
Fighting       | 4 6 |  6.3
Dodging        | 2 3 |  3.1
Armour         | 3 |  3.1

Action                   |  1- 3 |  4- 6 || total
-------------------------+-------+-------++-------
Melee: Hand axe          |    33 |     2 ||    35
Invok: Berserk           |     1 |       ||     1
Armor: Animal skin       |    15 |     1 ||    16
Dodge: Dodged            |    47 |     1 ||    48
